 Dungeon Crawl Stone Soup version 0.20.1-1-g8b1a95d (webtiles) character file.

189 Sadamus the Slasher (level 5, -9/41 HPs)
             Began as a Barachi Skald on Aug 23, 2017.
             Killed from afar by lotsofdiagrams's ghost (18 damage)
             ... with a stone arrow
             ... on level 3 of the Dungeon.
             The game lasted 00:09:06 (2394 turns).

Sadamus the Slasher (Barachi Skald)                 Turns: 2394, Time: 00:09:06

Health: -9/41      AC:  4    Str: 14    XL:     5   Next: 68%
Magic:  7/9        EV: 12    Int: 13    God:
Gold:   62         SH:  0    Dex: 11    Spells: 4/9 levels left

rFire    . . .     SeeInvis .   a - +1 falchion
rCold    . . .     Gourm    .   (no shield)
rNeg     . . .     Faith    .   b - +0 leather armour
rPois    .         Spirit   .   (no helmet)
rElec    .         Reflect  .   (no cloak)
rCorr    .         Harm     .   j - +0 pair of gloves
MR       .....                  (no boots)
Stlth    +.........             (no amulet)
Regen    0.2/turn               (no ring)
MPRegen  0.2/turn               (no ring)

@: shrouded, infused, slow
A: +LOS, swims, slowness 1, strong legs 1
a: Hop


You were on level 3 of the Dungeon.
You were hungry.

You visited 1 branch of the dungeon, and saw 3 of its levels.

You collected 62 gold pieces.

Inventory:

Hand Weapons
 a - a +1 falchion (weapon)
Armour
 b - a +0 leather armour (worn)
 j - a +0 pair of gloves (worn)
Books
 c - a book of Battle

   Spells                             Type                      Level
   a - Infusion                       Charms                       1
   b - Shroud of Golubria             Charms/Translocation         2
   c - Song of Slaying                Charms                       2
   d - Spectral Weapon                Hexes/Charms                 3
   e - Regeneration                   Charms/Necromancy            3
Comestibles
 d - 3 bread rations
 g - a fruit
 h - 2 meat rations
 i - 3 royal jellies


   Skills:
 + Level 3.1 Fighting
 + Level 4.4 Long Blades
 + Level 2.4 Armour
 + Level 2.7 Dodging
 + Level 0.2 Stealth
 + Level 2.9 Spellcasting
 + Level 4.1 Charms
 + Level 0.4 Translocations


You had 4 spell levels left.
You knew the following spells:

 Your Spells              Type           Power        Failure   Level  Hunger
a - Infusion              Chrm           ##..         5%          1    #......
b - Shroud of Golubria    Chrm/Tloc      #.........   17%         2    ###....
c - Song of Slaying       Chrm           ##......     8%          2    ###....


Dungeon Overview and Level Annotations

Branches:
Dungeon (3/15)

Altars:

Annotations:
D:3 lotsofdiagrams's ghost, amateur SpEE


Innate Abilities, Weirdness & Mutations

Shadows flee at your approach. (+LOS)
You can swim through water.
You cover ground slowly.
You can hop short distances.


Message History

Lotsofdiagrams's ghost is moderately damaged.
Lotsofdiagrams's ghost casts a spell at you.
The stone arrow hits you!
You closely miss lotsofdiagrams's ghost.
Lotsofdiagrams's ghost is moderately damaged.
Lotsofdiagrams's ghost casts a spell at you.
The blast of sand hits you!
You miss lotsofdiagrams's ghost.
Lotsofdiagrams's ghost is moderately damaged.
Lotsofdiagrams's ghost points at you and mumbles some strange words.
The stone arrow hits you!
* * * LOW HITPOINT WARNING * * *
You closely miss lotsofdiagrams's ghost.
Lotsofdiagrams's ghost is moderately damaged.
Your shroud bends lotsofdiagrams's ghost's attack away.
You miss lotsofdiagrams's ghost.
Lotsofdiagrams's ghost is moderately damaged.
Lotsofdiagrams's ghost casts a spell at you.
The stone arrow hits you!
You die...

#. #### #.
#.. #. #.#
#.. #.#
#.. #.#
#..# #.#
##... #.#
#....###.#
#....W@..#
#..>.#####
####. #W
.. #. #.
#. ..


You could see lotsofdiagrams's ghost.

Vanquished Creatures
  A centaur (D:3)
  Jessica (D:2)
  An adder (D:1)
  An ooze (D:1)
  A worm (D:1)
  5 dart slugs
  4 leopard geckos
  A giant cockroach (D:1)
  4 goblins
  9 hobgoblins
  9 kobolds
  A quokka (D:3)
  2 ball pythons (D:2)
  6 bats
  2 frilled lizards
  7 rats
55 creatures vanquished.

Notes
Turn   | Place    | Note
-------+----------+-------------------------------------------
     0 | D:1      | Sadamus the Barachi Skald began the quest for the Orb.
     0 | D:1      | Reached XP level 1. HP: 17/17 MP: 3/3
   266 | D:1      | Reached XP level 2. HP: 23/23 MP: 0/5
   401 | D:1      | Reached XP level 3. HP: 23/28 MP: 2/6
   405 | D:1      | Learned a level 2 spell: Shroud of Golubria
   409 | D:1      | Learned a level 2 spell: Song of Slaying
  1161 | D:1      | Reached XP level 4. HP: 22/34 MP: 5/7
  1900 | D:2      | Noticed Jessica
  1907 | D:2      | Killed Jessica
  2079 | D:3      | Noticed a centaur
  2094 | D:3      | Killed a centaur
  2094 | D:3      | Reached XP level 5. HP: 26/41 MP: 1/9
  2384 | D:3      | Noticed lotsofdiagrams's ghost (amateur SpEE)
  2394 | D:3      | Killed from afar by lotsofdiagrams's ghost

Skill      XL: |  1  2  3  4 |
---------------+-------------+-----
Long Blades    | 3 4 |  4.4
Armour         | 2 |  2.4
Fighting       | 3 |  3.1
Charms         | 4 |  4.1
Dodging        | |  2.7
Stealth        | |  0.2
Spellcasting   | |  2.9
Translocations | |  0.4

Action                   |  1- 3 |  4- 6 || total
-------------------------+-------+-------++-------
Melee: Falchion          |    86 |    63 ||   149
 Cast: Infusion          |    10 |    10 ||    20
       Shroud of Golubri |     1 |     6 ||     7
 Abil: Hop               |       |     1 ||     1
  Use: Potion            |     3 |     1 ||     4
       Scroll            |     2 |     1 ||     3
 Stab: Sleeping          |     1 |       ||     1
  Eat: Chunk             |     1 |     3 ||     4
       Fruit             |       |     2 ||     2
Armor: Leather armour    |    40 |    10 ||    50
Dodge: Dodged            |    74 |    47 ||   121
       Rpst.: Falchion   |    20 |    11 ||    31
